 Dungeon Crawl Stone Soup version 0.28-a0-1038-g9c4cb8273d (webtiles) character file.

Game seed: 16060701245247817876

480 fragbeetle the Insei (level 6, -2/47 HPs)
             Began as a Draconian Transmuter on Dec 8, 2021.
             Slain by a water moccasin (7 damage)
             ... on level 4 of the Dungeon.
             The game lasted 00:12:35 (4649 turns).

fragbeetle the Insei (Draconian Transmuter)         Turns: 4649, Time: 00:12:36

Health: -2/47      AC:  6    Str: 12    XL:     6   Next: 86%
Magic:  9/9        EV: 13    Int: 15    God:
Gold:   218        SH:  0    Dex: 12    Spells: 1/9 levels left

rFire   . . .      SeeInvis .     - Unarmed
rCold   . . .      Faith    .   (no shield)
rNeg    + . .      Spirit   .   (armour unavailable)
rPois   .          Reflect  .   (helmet currently unavailable)
rElec   .          Harm     .   (no cloak)
rCorr   .          Rampage  .   (no gloves)
Will    .....                   (boots currently unavailable)
Stlth   +.........              (no amulet)
HPRegen 0.15/turn               e - ring of positive energy
MPRegen 0.11/turn               (no ring)

@: lethally poisoned (-2 -> -14), appendages
A: horns 2, talons 2, AC +6, unfitting armour, cold-blooded
a: End Transformation


You were on level 4 of the Dungeon.
You had temporarily grown beastly horns and talons.
You visited 1 branch of the dungeon, and saw 5 of its levels.

You collected 218 gold pieces.

Inventory:

Hand Weapons
 n - a +1 dagger of protection
Missiles
 b - 2 silver javelins
Armour
 m - a +1 scale mail of poison resistance
Jewellery
 e - a ring of positive energy (left hand)
Scrolls
 d - a scroll of vulnerability {unknown}
 f - a scroll of noise {unknown}
 h - 2 scrolls of fear
 l - a scroll of blinking {unknown}
Potions
 a - a potion of curing
 c - a potion of lignification {unknown}
 g - a potion of invisibility {unknown}
 i - 3 potions of heal wounds {unknown}
 j - 2 potions of brilliance {unknown}
 k - a potion of mutation {unknown}
 o - 2 potions of berserk rage {unknown}


   Skills:
 + Level 1.1 Fighting
 * Level 3.4 Dodging
 + Level 5.0 Unarmed Combat
 + Level 2.3 Spellcasting
 * Level 4.8 Transmutations
 + Level 1.2 Poison Magic


You had one spell level left.
You knew the following spells:

 Your Spells              Type           Power      Damage    Failure   Level
a - Beastly Appendage     Tmut           32%        N/A       3%          1
b - Spider Form           Tmut/Pois      10%        N/A       19%         3
c - Ice Form              Ice/Tmut       8%         N/A       63%         4

Your spell library contained the following spells:

 Spells                   Type           Power      Damage    Failure   Level
 Wereblood                Tmut           16%        N/A       4%          2
 Passwall                 Tmut/Erth      6%         N/A       12%         2
 Ignite Poison            Fire/Tmut/Pois 7%         N/A       28%         3
 Conjure Flame            Conj/Fire      1%         6-21      54%         3
 Swiftness                Air            1%         N/A       54%         3
 Sticky Flame             Conj/Fire      1%         2d3       91%         4
 Summon Forest            Summ/Tloc      0%         N/A       99%         5
 Eringya's Noxious Bog    Tmut/Pois      5%         N/A       100%        6
 Summon Hydra             Summ           0%         N/A       100%        7


Dungeon Overview and Level Annotations

Branches:
Dungeon (5/15)
 Temple: D:4-7

Altars:
Sif Muna
Trog

Shops:
D:4 (

Annotations:
D:4 1 runed translucent door, voltaire321's ghost, amateur DECj
D:5 Pikel


Innate Abilities, Weirdness & Mutations

You have temporarily grown beastly horns and talons.
Your plain brown scales are hard. (AC +6)
You cannot fit into any form of body armour.
You are cold-blooded and may be slowed by cold attacks.


Message History

The water moccasin is heavily wounded.
The water moccasin closely misses you.
You completely miss the water moccasin. You claw the water moccasin.
The water moccasin is severely wounded.
The water moccasin bites you.
You are poisoned.
The water moccasin poisons you!
You barely miss the water moccasin.
The water moccasin is severely wounded.
* * * LOW HITPOINT WARNING * * *
You feel very sick. The water moccasin bites you.
* * * LOW HITPOINT WARNING * * *
The water moccasin bites you.
* * * LOW HITPOINT WARNING * * *
You are more poisoned.
The water moccasin poisons you!
You feel better. The water moccasin bites you.
* * * LOW HITPOINT WARNING * * *
You closely miss the water moccasin.
The water moccasin is severely wounded.
The water moccasin bites you.
* * * LOW HITPOINT WARNING * * *
You feel better. The water moccasin bites you.
* * * LOW HITPOINT WARNING * * *
You are lethally poisoned!
The water moccasin poisons you! The water moccasin closely misses you.
You miss the water moccasin.
Your tail-slap misses the water moccasin.
The water moccasin is severely wounded.
* * * LOW HITPOINT WARNING * * *
You feel very sick.
The water moccasin bites you but does no damage.
You barely miss the water moccasin.
Your headbutt misses the water moccasin.
The water moccasin is severely wounded.
* * * LOW HITPOINT WARNING * * *
You feel very sick. The water moccasin bites you!
You die...

#....#....................#
##........................#
###.#........<............
###.............##..##..
#...............#......
###...##.##.....##......
##........##.....####..#+
#............[.### #..##S
#..#...#@S.....## ##.##S
####...#........# ###..#โ‰ˆ
#............###....#โ‰ˆ
#............##.....#)
#............##.....#โ‰ˆ
##...(.......#......##
#.........##....##....
##........##........รท.
#........##....#...##


You could see a water moccasin.

Vanquished Creatures
  Grinder (D:3)
  A lemure (D:4)
  A hound (D:4)
  Terence (D:3)
  Jessica (D:3)
  A bullfrog skeleton (D:4)
  An iguana (D:4)
  A hound skeleton (D:4)
  A howler monkey skeleton (D:4)
  4 adders
  2 worms
  A dart slug (D:2)
  An orc (D:3)
  6 ball pythons
  5 bats
  4 endoplasms
  8 giant cockroaches
  9 hobgoblins
  8 jackals
  6 kobolds
  2 quokkas (D:4)
  A frilled lizard (D:2)
  9 goblins
  6 rats
81 creatures vanquished.

Vanquished Creatures (others)
  2 fungi (D:2)
  6 plants (D:2)
8 creatures vanquished.

Grand Total: 89 creatures vanquished

Notes
Turn   | Place    | Note
-------+----------+-------------------------------------------
     0 | D:1      | fragbeetle the Draconian Transmuter began the quest for the
                  | Orb.
     0 | D:1      | Reached XP level 1. HP: 16/16 MP: 3/3
   267 | D:1      | Reached XP level 2. HP: 23/23 MP: 3/5
  1135 | D:2      | Reached XP level 3. HP: 28/28 MP: 4/6
  1140 | D:2      | Learned a level 3 spell: Spider Form
  1194 | D:2      | Found a faded altar of an unknown god.
  1961 | D:2      | Reached XP level 4. HP: 32/35 MP: 5/7
  2368 | D:3      | Found a shimmering blue altar of Sif Muna.
  2441 | D:3      | Noticed Grinder
  2443 | D:3      | Paralysed by Grinder for 3 turns
  2469 | D:3      | Paralysed by Grinder for 7 turns
  2485 | D:3      | Killed Grinder
  2486 | D:3      | Reached skill level 4 in Unarmed Combat
  2486 | D:3      | Reached XP level 5. HP: 17/40 MP: 3/8
  2486 | D:3      | Reached XP level 6. HP: 20/47 MP: 3/9
  2962 | D:3      | Noticed Terence
  2995 | D:3      | Killed Terence
  3282 | D:3      | Noticed Jessica
  3290 | D:3      | Killed Jessica
  3708 | D:3      | Found a bloodstained altar of Trog.
  3727 | D:3      | Reached skill level 1 in Poison Magic
  3834 | D:4      | Found Kitunen's Antique Weapon Shop.
  3996 | D:4      | Found a runed translucent door.
  4021 | D:4      | Noticed voltaire321's ghost (amateur DECj)
  4178 | D:4      | Learned a level 4 spell: Ice Form
  4378 | D:4      | Reached skill level 5 in Unarmed Combat
  4541 | D:5      | Entered Level 5 of the Dungeon
  4550 | D:5      | Noticed Pikel
  4627 | D:5      | Noticed a water moccasin
  4649 | D:4      | Slain by a water moccasin

Illustrated notes

Levels and vault maps discovered:
D:1:      lightli_molten_gateway, layout_basic
D:2:      minmay_spotlight, layout_loops_ring, dreamdust_ecumenical_altar_grove
D:3:      layout_basic, nicolae_sif_muna_condensation, trog_hazing_becter,
          serial_co_window_serial, co_window_paths_a, co_window_paths_a,
          co_window_corner_a, co_window_paths_a, co_window_paths_b,
          co_window_corner_a, co_window_2corner, co_window_2corner,
          co_window_of_opportunity_b, co_window_2corner,
          co_window_unsneaky_path_c, co_window_paths_c, co_window_broadway_c,
          co_window_4corner_a, glass_columns_a, glass_columns_c,
          glass_columns_b, glass_columns_a, glass_columns_c, uniq_jessica,
          uniq_grinder, uniq_terence
D:4:      layout_cave_pools, serial_shops, shop, ebering_ghost_sewer_d,
          nicolae_elevator_lobby_plus
D:5:      layout_rooms, grunt_dithmenos_smoke, uniq_menkaure, uniq_pikel

Skill      XL: |  1  2  3  4  5  6 |
---------------+-------------------+-----
Dodging        | 2 3 |  3.4
Transmutations | 3 4 |  4.8
Unarmed Combat | 4 5 |  5.0
Poison Magic   | 1 |  1.2
Fighting       | |  1.1
Spellcasting   | |  2.3

Action                   |  1- 3 |  4- 6 || total
-------------------------+-------+-------++-------
Melee: Unarmed           |    96 |   144 ||   240
       Kick              |    16 |     8 ||    24
       Tailslap          |     3 |       ||     3
       Headbutt          |     7 |     8 ||    15
       Punch             |     1 |       ||     1
 Cast: Beastly Appendage |    25 |    11 ||    36
       Spider Form       |     3 |    20 ||    23
  Use: Potion            |       |     3 ||     3
       Scroll            |       |     1 ||     1
 Stab: Sleeping          |     1 |       ||     1
Armor: Skin              |    24 |    20 ||    44
Dodge: Dodged            |    58 |    97 ||   155

Table legend: (Time is in decaauts)
 A = Elapsed time spent in this place.
 B = Non-inter-level travel time spent in this place.
 C = Inter-level travel time spent in this place.
 D = Time resting spent in this place.
 E = Time spent auto-exploring this place.
 F = Levels seen in this place.
 G = Mean time per level.
                   A        B        C        D        E       F      G
               +--------+--------+--------+--------+--------+-----+--------+
         Total |   4634 |   4501 |    133 |    671 |   2638 |   5 |  926.8 |
       Dungeon |   4634 |   4501 |    133 |    671 |   2638 |   5 |  926.8 |
               +--------+--------+--------+--------+--------+-----+--------+

Top non-repeatable levels by time:
     D:3: 1584 daAuts
     D:2: 1145 daAuts
     D:1: 1069 daAuts
     D:4: 816 daAuts
     D:5: 18 daAuts
